AoeStats
← Groove8733

Arabia

510500217Analyzed
1v1 RM · 15h ago on Oct 1, 2026· 21m 38s· 2 players
Game mode
Random Map
Map size
Tiny (2 player)
Population
200
Speed
Normal
Resources
Standard
Victory
Conquest
Starting age
Dark Age
Ending age
Imperial Age
RankedLock teamsTeams togetherTeam positionsShared explorationLock speedFull tech treeHidden civsTurbo modeCheats
Victory
Defeat
🇵🇰 Chinese · Pakistan
432
+15
🇦🇺 Bohemians · Australia
417
-15
Groove8733
8:24 Loom
10:31 Feudal Age
20:01 Castle Age
deadrebel
0:47 Loom
10:23 Feudal Age
12:28 Man-at-Arms
12:56 Arson
19:39 Forging
19:31 Scale Mail Armor
20:32 Double-Bit Axe
Connection lost

Rejoining the realm…

Still unreachable

The connection could not be restored.

Session expired

The server has moved on; the page needs a fresh start.